Anaheim Ducks vs Montreal Canadiens
Created - Friday, October 27, 2023 at 07:21
Goals
|
| Anaheim Ducks |
0 |
0 |
2 |
2 |
| Montreal Canadiens |
0 |
1 |
0 |
1 |
|
Shots
|
| Anaheim Ducks |
9 |
10 |
11 |
30 |
| Montreal Canadiens |
16 |
9 |
10 |
35 |
|
1st period
No Goal
Penalties :
J.T. Compher (ANA) for Roughing (Double Minor) at 4:38
2nd period
1. Montreal Canadiens , Sidney Crosby 26 (Patrik Laine 25, Filip Hronek 14) at 9:48
Penalties :
Chandler Stephenson (ANA) for Slashing (Minor) at 1:24, Jamie Benn (MTL) for Diving (Minor) at 17:11
3rd period
2. Anaheim Ducks , Mason Marchment 3 (Nazem Kadri 8, Chandler Stephenson 17) at 8:33
3. Anaheim Ducks , William Nylander 35 (Mark Scheifele 22, John Tavares 44) at 15:59
Penalties :
Mark Scheifele (ANA) for Interference (Minor) at 0:13
Goalie Stats
Linus Ullmark (ANA), 34 saves from 35 shots - (0.971), W, 23-11-5, 60:00 minutes
Jacob Markstrom (MTL), 28 saves from 30 shots - (0.933), L, 21-19-5, 58:56 minutes
Players Stats for Anaheim Ducks
Player Name G A P +/- PIM S H SB GA TA FO MP PP MP PK MP
------------------------------------------------------------------------------------
Alex Killorn 0 0 0 -1 0 4 0 0 0 1 0/0 17:47 0:50 4:09
Brayden Schenn 0 0 0 0 0 0 3 1 0 0 1/1 14:07 0:50 2:33
Brenden Dillon 0 0 0 1 0 0 1 1 0 1 0/0 22:05 0:43 3:49
Calle Jarnkrok 0 0 0 1 0 0 0 2 0 1 0/0 8:20 0:00 0:00
Chandler Stephenson 0 1 1 -1 2 3 0 2 2 0 8/16 16:56 0:50 3:10
Esa Lindell 0 0 0 0 0 0 1 2 0 0 0/0 25:08 0:43 4:36
Ivan Provorov 0 0 0 0 0 3 1 1 0 0 0/0 16:56 0:00 3:02
J.T. Compher 0 0 0 0 4 0 2 0 0 0 4/7 12:48 0:00 1:22
Jakob Chychrun 0 0 0 1 0 1 0 3 0 3 0/0 18:12 1:16 0:35
John Tavares 0 1 1 1 0 5 2 0 0 0 14/27 17:57 1:09 0:00
Josh Manson 0 0 0 0 0 1 2 0 0 0 0/0 15:52 0:00 3:17
Joshua Morrissey 0 0 0 0 0 1 0 6 1 1 0/0 21:47 1:16 0:35
Mark Scheifele 0 1 1 1 2 2 2 1 0 2 0/1 18:51 1:09 0:00
Mason Marchment 1 0 1 1 0 1 0 0 0 0 0/0 7:58 0:00 0:00
Max Domi 0 0 0 -1 0 1 0 0 0 1 1/1 14:46 0:00 1:03
Nazem Kadri 0 1 1 1 0 1 0 0 0 0 0/2 8:47 0:00 0:48
Teuvo Teravainen 0 0 0 0 0 0 2 0 0 0 0/0 14:44 0:00 2:49
William Nylander 1 0 1 1 0 7 1 0 4 1 2/3 18:59 1:09 0:00
Players Stats for Montreal Canadiens
Player Name G A P +/- PIM S H SB GA TA FO MP PP MP PK MP
------------------------------------------------------------------------------------
Adam Fox 0 0 0 0 0 1 2 1 0 4 0/0 27:38 6:08 1:17
Brady Skjei 0 0 0 -1 0 1 0 0 0 0 0/0 17:34 1:09 0:42
Christian Fischer 0 0 0 0 0 0 0 0 0 1 1/3 11:54 0:56 0:52
Damon Severson 0 0 0 0 0 2 0 1 0 0 0/0 16:06 1:49 0:00
Dylan Larkin 0 0 0 0 0 6 0 0 1 1 7/12 18:43 1:54 1:07
Evgeni Dadonov 0 0 0 0 0 2 0 0 0 0 0/0 9:40 1:31 0:12
Filip Forsberg 0 0 0 0 0 3 0 0 3 0 0/0 16:30 3:01 0:00
Filip Hronek 0 1 1 0 0 0 1 0 0 1 0/0 25:54 4:58 0:00
Jack Johnson 0 0 0 0 0 0 0 1 0 0 0/0 16:32 1:50 1:17
Jake Evans 0 0 0 0 0 0 1 0 0 0 1/1 8:12 0:07 0:52
Jamie Benn 0 0 0 0 2 2 2 1 0 0 0/1 21:51 3:06 0:00
Jonathan Marchessault 0 0 0 -1 0 2 0 0 0 0 1/1 11:37 1:16 0:00
Martin Necas 0 0 0 0 0 4 2 0 1 0 2/4 16:25 3:03 0:00
Patrik Laine 0 1 1 -1 0 2 3 0 5 0 0/1 21:21 4:20 0:00
Sidney Crosby 1 0 1 -1 0 8 1 0 1 0 14/29 20:23 3:15 0:00
Tyler Myers 0 0 0 -1 0 1 2 0 0 0 0/0 16:16 0:00 0:42
Tyson Jost 0 0 0 0 0 1 0 1 0 0 0/2 13:27 1:22 0:00
Vladislav Namestnikov 0 0 0 0 0 0 2 0 0 0 2/4 7:57 0:00 0:55
3 Stars
1 - Linus Ullmark (ANA)
2 - William Nylander (ANA)
3 - Mason Marchment (ANA)
Power Play
Anaheim Ducks - 0 on 1 Attempt(s) - 0.00%
Montreal Canadiens - 0 on 4 Attempt(s) - 0.00%
Penalty Kill
Anaheim Ducks - 4 on 4 Attempt(s) - 100.00%
- Score 0 goal in Penalty Kill
Montreal Canadiens - 1 on 1 Attempt(s) - 100.00%
- Score 0 goal in Penalty Kill
Team Stat
Anaheim Ducks - Hits : 17 - Faceoff Wins : 30 - Blocked Shots : 19 - Penalty Minutes : 8
Montreal Canadiens - Hits : 16 - Faceoff Wins : 28 - Blocked Shots : 5 - Penalty Minutes : 2
Official
Referees : Tim Peel and Kyle Rehman
Linesman : Devin Berg and Matt MacPherson
Game Notes
No Game Note
Finance
Level 1 -- Attendance: 6000 (100.00%) -- Ticket Income $540,000
Level 2 -- Attendance: 4988 (99.76%) -- Ticket Income $249,400
Level 3 -- Attendance: 3000 (100.00%) -- Ticket Income $90,000
Level 4 -- Attendance: 4742 (94.84%) -- Ticket Income $94,840
Luxury Box -- Attendance: 881 (88.10%) -- Ticket Income $171,795
Game was played at the Bell Centre.
Total Attendance: 19611 (98.06%)
Total Ticket Income: $1,146,035
Other Income: $401,112
Total Income: $1,547,147
Anaheim Ducks
5 vs 5 Forward
Center Left Wing Right Wing Time % Phy DF OF
1 John Tavares William Nylander Mark Scheifele 40 1 2 2
2 Chandler Stephenson Alex Killorn Max Domi 30 1 2 2
3 J.T. Compher Teuvo Teravainen Brayden Schenn 20 1 2 2
4 Nazem Kadri Mason Marchment Calle Jarnkrok 10 1 2 2
5 vs 5 Defense
Defense Defense Time % Phy DF OF
1 Esa Lindell Joshua Morrissey 40 1 2 2
2 Brenden Dillon Jakob Chychrun 35 1 2 2
3 Ivan Provorov Josh Manson 25 1 2 2
4 Esa Lindell Ivan Provorov 0 1 2 2
PowerPlay Forward
Center Left Wing Right Wing Time % Phy DF OF
1 John Tavares Mark Scheifele William Nylander 60 1 1 3
2 Chandler Stephenson Alex Killorn Brayden Schenn 40 1 1 3
PowerPlay Defense
Defense Defense Time % Phy DF OF
1 Joshua Morrissey Jakob Chychrun 55 1 2 2
2 Esa Lindell Brenden Dillon 45 1 2 2
Penalty Kill 4 Players Forward
Center Wing Time % Phy DF OF
1 Chandler Stephenson Alex Killorn 55 1 3 1
2 J.T. Compher Teuvo Teravainen 45 1 3 1
Penalty Kill 4 Players Defense
Defense Defense Time % Phy DF OF
1 Esa Lindell Brenden Dillon 50 1 3 1
2 Ivan Provorov Josh Manson 50 1 3 1
Penalty Kill - 3 Players Forward
Forward Time % Phy DF OF
1 Alex Killorn 50 1 3 1
2 J.T. Compher 50 1 3 1
Penalty Kill - 3 Players Defense
Defense Defense Time % Phy DF OF
1 Esa Lindell Brenden Dillon 50 1 3 1
2 Ivan Provorov Josh Manson 50 1 3 1
4 vs 4 Forward
Center Wing Time % Phy DF OF
1 John Tavares William Nylander 50 1 2 2
2 Max Domi Mark Scheifele 50 1 2 2
4 vs 4 Defense
Defense Defense Time % Phy DF OF
1 Esa Lindell Josh Manson 50 1 2 2
2 Brenden Dillon Joshua Morrissey 50 1 2 2
Last Minutes Offensive
Center Left Wing Right Wing Defense Defense
John Tavares William Nylander Mark Scheifele Joshua Morrissey Jakob Chychrun
Last Minutes Defensive
Center Left Wing Right Wing Defense Defense
Chandler Stephenson Alex Killorn Teuvo Teravainen Brenden Dillon Esa Lindell
Goaltenders
Starting : Linus Ullmark
Backup : Jack Campbell
Extra Forwards
Normal : William Nylander, John Tavares, Mark Scheifele - PP : William Nylander, Mark Scheifele - PK : Alex Killorn
Extra Defensemen
Normal : Brenden Dillon, Esa Lindell, Ivan Provorov - PP : Joshua Morrissey - PK : Esa Lindell, Josh Manson
Penalty Shots
William Nylander, Teuvo Teravainen, Mark Scheifele, Calle Jarnkrok, Alex Killorn
Montreal Canadiens
5 vs 5 Forward
Center Left Wing Right Wing Time % Phy DF OF
1 Sidney Crosby Jamie Benn Patrik Laine 39 1 2 2
2 Dylan Larkin Martin Necas Filip Forsberg 30 1 2 2
3 Christian Fischer Jonathan Marchessault Tyson Jost 20 1 2 2
4 Vladislav Namestnikov Evgeni Dadonov Jake Evans 11 1 2 2
5 vs 5 Defense
Defense Defense Time % Phy DF OF
1 Adam Fox Filip Hronek 37 1 2 2
2 Brady Skjei Tyler Myers 30 1 2 2
3 Damon Severson Jack Johnson 18 1 4 0
4 Adam Fox Filip Hronek 15 1 2 2
PowerPlay Forward
Center Left Wing Right Wing Time % Phy DF OF
1 Sidney Crosby Dylan Larkin Jamie Benn 65 0 1 4
2 Martin Necas Patrik Laine Filip Forsberg 35 0 1 4
PowerPlay Defense
Defense Defense Time % Phy DF OF
1 Adam Fox Filip Hronek 70 0 1 4
2 Brady Skjei Damon Severson 30 0 1 4
Penalty Kill 4 Players Forward
Center Wing Time % Phy DF OF
1 Dylan Larkin Jamie Benn 50 1 3 1
2 Jake Evans Christian Fischer 50 1 3 1
Penalty Kill 4 Players Defense
Defense Defense Time % Phy DF OF
1 Jack Johnson Adam Fox 50 1 3 1
2 Tyler Myers Brady Skjei 50 1 3 1
Penalty Kill - 3 Players Forward
Forward Time % Phy DF OF
1 Dylan Larkin 50 1 4 0
2 Jamie Benn 50 1 4 0
Penalty Kill - 3 Players Defense
Defense Defense Time % Phy DF OF
1 Jack Johnson Adam Fox 50 1 4 0
2 Filip Hronek Tyler Myers 50 1 4 0
4 vs 4 Forward
Center Wing Time % Phy DF OF
1 Sidney Crosby Jamie Benn 60 1 1 3
2 Dylan Larkin Martin Necas 40 1 1 3
4 vs 4 Defense
Defense Defense Time % Phy DF OF
1 Adam Fox Tyler Myers 55 1 2 2
2 Damon Severson Brady Skjei 45 1 2 2
Last Minutes Offensive
Center Left Wing Right Wing Defense Defense
Sidney Crosby Dylan Larkin Jamie Benn Adam Fox Filip Hronek
Last Minutes Defensive
Center Left Wing Right Wing Defense Defense
Sidney Crosby Dylan Larkin Jamie Benn Adam Fox Filip Hronek
Goaltenders
Starting : Jacob Markstrom
Backup : David Rittich
Extra Forwards
Normal : Patrik Laine, Sidney Crosby, Dylan Larkin - PP : Jamie Benn, Patrik Laine - PK : Vladislav Namestnikov
Extra Defensemen
Normal : Filip Hronek, Damon Severson, Adam Fox - PP : Filip Hronek - PK : Brady Skjei, Adam Fox
Penalty Shots
Filip Forsberg, Sidney Crosby, Dylan Larkin, Jamie Benn, Patrik Laine
% Time on Ice - Anaheim Ducks
Lines # - Real PCT - Wanted PCT - Time Play
Normal Forward
1 - 34% - 40% - 16:47
2 - 30% - 30% - 14:29
3 - 20% - 20% - 9:38
4 - 16% - 10% - 7:58
Normal Defense
1 - 42% - 40% - 20:33
2 - 34% - 35% - 16:49
3 - 24% - 25% - 11:30
4 - 0% - 0% - 0:00
PP Forward
1 - 58% - 60% - 1:09
2 - 42% - 40% - 0:50
PP Defense
1 - 64% - 55% - 1:16
2 - 36% - 45% - 0:43
PK Forward
1 - 60% - 55% - 4:44
2 - 40% - 45% - 3:13
PK Defense
1 - 59% - 50% - 4:40
2 - 41% - 50% - 3:17
PK3 Forward
1 - 0% - 50%
2 - 0% - 50%
PK3 Defense
1 - 0% - 50%
2 - 0% - 50%
44 Forward
1 - 0% - 50%
2 - 0% - 50%
44 Defense
1 - 0% - 50%
2 - 0% - 50%
Last Minute Offensive - 0:00
Last Minute Defensive - 1:12
Total
Forward - 60:00
Defense - 60:00
|
% Time on Ice - Montreal Canadiens
Lines # - Real PCT - Wanted PCT - Time Play
Normal Forward
1 - 32% - 39% - 15:39
2 - 29% - 30% - 14:17
3 - 24% - 20% - 11:40
4 - 15% - 11% - 7:13
Normal Defense
1 - 34% - 37% - 16:48
2 - 32% - 30% - 15:43
3 - 25% - 18% - 12:10
4 - 8% - 15% - 4:08
PP Forward
1 - 57% - 65% - 4:32
2 - 43% - 35% - 3:25
PP Defense
1 - 77% - 70% - 6:08
2 - 23% - 30% - 1:49
PK Forward
1 - 56% - 50% - 1:07
2 - 44% - 50% - 0:52
PK Defense
1 - 65% - 50% - 1:17
2 - 35% - 50% - 0:42
PK3 Forward
1 - 0% - 50%
2 - 0% - 50%
PK3 Defense
1 - 0% - 50%
2 - 0% - 50%
44 Forward
1 - 0% - 60%
2 - 0% - 40%
44 Defense
1 - 0% - 55%
2 - 0% - 45%
Last Minute Offensive - 1:15
Last Minute Defensive - 0:00
Total
Forward - 60:00
Defense - 60:00
|
Play-by-Play
1st period
0:01 of 1st period - John Tavares wins face-off versus Sidney Crosby in neutral zone.
0:08 of 1st period - Icing by Jamie Benn.
0:09 of 1st period - John Tavares wins face-off versus Sidney Crosby in Montreal Canadiens zone.
0:18 of 1st period - Snap shot by John Tavares.
0:18 of 1st period - Stopped by Jacob Markstrom with a rebound.
0:28 of 1st period - Wrist shot by Patrik Laine.
0:28 of 1st period - Shot Blocked by Joshua Morrissey.
0:30 of 1st period - Slapshot by Jamie Benn.
0:30 of 1st period - Stopped by Linus Ullmark with a rebound.
0:32 of 1st period - Snap shot by Sidney Crosby.
0:32 of 1st period - Shot Misses the Net.
0:34 of 1st period - Wrist shot by Adam Fox.
0:34 of 1st period - Shot Misses the Net.
0:40 of 1st period - Wrist shot by Sidney Crosby.
0:40 of 1st period - Shot Blocked by Joshua Morrissey.
1:02 of 1st period - Snap shot by Patrik Laine.
1:02 of 1st period - Stopped by Linus Ullmark without a rebound.
1:03 of 1st period - Martin Necas wins face-off versus Chandler Stephenson in Anaheim Ducks zone.
1:08 of 1st period - Slapshot by Martin Necas.
1:08 of 1st period - Shot Hit the Post.
1:37 of 1st period - Wrist shot by Filip Forsberg.
1:37 of 1st period - Shot Blocked by Jakob Chychrun.
1:59 of 1st period - Snap shot by Dylan Larkin.
1:59 of 1st period - Shot Misses the Net.
3:33 of 1st period - Snap shot by Dylan Larkin.
3:33 of 1st period - Shot Blocked by Brenden Dillon.
3:35 of 1st period - Snap shot by Dylan Larkin.
3:35 of 1st period - Stopped by Linus Ullmark with a rebound.
3:37 of 1st period - Snap shot by Martin Necas.
3:37 of 1st period - Stopped by Linus Ullmark with a rebound.
3:45 of 1st period - Slapshot by Filip Forsberg.
3:45 of 1st period - Stopped by Linus Ullmark with a rebound.
3:47 of 1st period - Snap shot by Filip Forsberg.
3:47 of 1st period - Shot Blocked by Calle Jarnkrok.
3:53 of 1st period - Wrist shot by Filip Forsberg.
3:53 of 1st period - Deflect By Martin Necas.
3:53 of 1st period - Shot Blocked by Calle Jarnkrok.
3:53 of 1st period - Puck is out of play.
3:54 of 1st period - Chandler Stephenson wins face-off versus Christian Fischer in Anaheim Ducks zone.
4:07 of 1st period - Snap shot by Alex Killorn.
4:07 of 1st period - Stopped by Jacob Markstrom with a rebound.
4:09 of 1st period - Snap shot by Alex Killorn.
4:09 of 1st period - Shot Hit the Post.
4:21 of 1st period - Snap shot by Brayden Schenn.
4:21 of 1st period - Shot Misses the Net.
4:38 of 1st period - Double Minor Penalty to J.T. Compher for Roughing.
4:39 of 1st period - Chandler Stephenson wins face-off versus Jamie Benn in Anaheim Ducks zone.
4:39 of 1st period - Chandler Stephenson is hit by Filip Hronek.
5:31 of 1st period - Icing by Patrik Laine.
5:32 of 1st period - Chandler Stephenson wins face-off versus Tyson Jost in Montreal Canadiens zone.
6:16 of 1st period - Adam Fox is hit by Ivan Provorov and loses puck.
6:51 of 1st period - Teuvo Teravainen is hit by Jamie Benn and loses puck.
8:38 of 1st period - Penalty to J.T. Compher is over, J.T. Compher is back on ice.
8:41 of 1st period - Chandler Stephenson is hit by Patrik Laine and loses puck.
9:02 of 1st period - Slapshot by William Nylander.
9:02 of 1st period - Stopped by Jacob Markstrom with a rebound.
9:31 of 1st period - Snap shot by Brayden Schenn.
9:31 of 1st period - Shot Misses the Net.
9:40 of 1st period - Icing by J.T. Compher.
9:41 of 1st period - Dylan Larkin wins face-off versus John Tavares in Anaheim Ducks zone.
9:42 of 1st period - Snap shot by Filip Forsberg.
9:42 of 1st period - Stopped by Linus Ullmark without a rebound.
9:43 of 1st period - John Tavares wins face-off versus Dylan Larkin in Anaheim Ducks zone.
10:16 of 1st period - Wrist shot by Chandler Stephenson.
10:16 of 1st period - Shot Misses the Net.
10:40 of 1st period - Jonathan Marchessault is hit by Brayden Schenn and loses puck.
11:04 of 1st period - Wrist shot by Evgeni Dadonov.
11:04 of 1st period - Stopped by Linus Ullmark without a rebound.
11:05 of 1st period - Sidney Crosby wins face-off versus John Tavares in Anaheim Ducks zone.
11:12 of 1st period - Wrist shot by Sidney Crosby.
11:12 of 1st period - Stopped by Linus Ullmark with a rebound.
11:14 of 1st period - Wrist shot by Sidney Crosby.
11:14 of 1st period - Stopped by Linus Ullmark without a rebound.
11:15 of 1st period - Sidney Crosby wins face-off versus John Tavares in Anaheim Ducks zone.
11:26 of 1st period - Wrist shot by Sidney Crosby.
11:26 of 1st period - Stopped by Linus Ullmark without a rebound.
11:27 of 1st period - Max Domi wins face-off versus Sidney Crosby in Anaheim Ducks zone.
11:33 of 1st period - Off-side.
11:34 of 1st period - Sidney Crosby wins face-off versus Chandler Stephenson in neutral zone.
11:45 of 1st period - Wrist shot by Sidney Crosby.
11:45 of 1st period - Shot Blocked by Chandler Stephenson.
12:19 of 1st period - Slapshot by Patrik Laine.
12:19 of 1st period - Stopped by Linus Ullmark without a rebound.
12:20 of 1st period - John Tavares wins face-off versus Christian Fischer in Anaheim Ducks zone.
12:27 of 1st period - Christian Fischer is hit by John Tavares and loses puck.
12:32 of 1st period - Wrist shot by John Tavares.
12:32 of 1st period - Shot Misses the Net.
12:46 of 1st period - Teuvo Teravainen is hit by Jake Evans and loses puck.
12:53 of 1st period - Snap shot by J.T. Compher.
12:53 of 1st period - Shot Blocked by Damon Severson.
12:55 of 1st period - Wrist shot by Jakob Chychrun.
12:55 of 1st period - Stopped by Jacob Markstrom with a rebound.
12:57 of 1st period - Slapshot by J.T. Compher.
12:57 of 1st period - Shot Misses the Net.
13:07 of 1st period - Snap shot by Dylan Larkin.
13:07 of 1st period - Shot Misses the Net.
13:36 of 1st period - Slapshot by William Nylander.
13:36 of 1st period - Stopped by Jacob Markstrom with a rebound.
13:48 of 1st period - Snap shot by Alex Killorn.
13:48 of 1st period - Shot Blocked by Jamie Benn.
13:50 of 1st period - Slapshot by Ivan Provorov.
13:50 of 1st period - Stopped by Jacob Markstrom with a rebound.
14:12 of 1st period - Wrist shot by Dylan Larkin.
14:12 of 1st period - Stopped by Linus Ullmark with a rebound.
14:14 of 1st period - Slapshot by Tyler Myers.
14:14 of 1st period - Shot Misses the Net.
14:16 of 1st period - Slapshot by Tyler Myers.
14:16 of 1st period - Stopped by Linus Ullmark with a rebound.
14:18 of 1st period - Slapshot by Brady Skjei.
14:18 of 1st period - Deflect By Martin Necas.
14:18 of 1st period - Stopped by Linus Ullmark without a rebound.
14:19 of 1st period - John Tavares wins face-off versus Sidney Crosby in Anaheim Ducks zone.
15:13 of 1st period - Slapshot by J.T. Compher.
15:13 of 1st period - Shot Misses the Net.
15:15 of 1st period - Slapshot by Ivan Provorov.
15:15 of 1st period - Stopped by Jacob Markstrom without a rebound.
15:16 of 1st period - John Tavares wins face-off versus Vladislav Namestnikov in Montreal Canadiens zone.
15:38 of 1st period - Off-side.
15:39 of 1st period - Sidney Crosby wins face-off versus Chandler Stephenson in neutral zone.
16:26 of 1st period - Dylan Larkin is hit by Brayden Schenn and loses puck.
17:28 of 1st period - Snap shot by Jonathan Marchessault.
17:28 of 1st period - Stopped by Linus Ullmark with a rebound.
17:30 of 1st period - Snap shot by Jonathan Marchessault.
17:30 of 1st period - Stopped by Linus Ullmark without a rebound.
17:31 of 1st period - John Tavares wins face-off versus Sidney Crosby in Anaheim Ducks zone.
17:44 of 1st period - Wrist shot by William Nylander.
17:44 of 1st period - Deflect By John Tavares.
17:44 of 1st period - Stopped by Jacob Markstrom with a rebound.
19:01 of 1st period - Jakob Chychrun is hit by Jamie Benn and loses puck.
19:44 of 1st period - Snap shot by Chandler Stephenson.
19:44 of 1st period - Stopped by Jacob Markstrom without a rebound.
19:45 of 1st period - Martin Necas wins face-off versus John Tavares in Montreal Canadiens zone.
Goals for this period are 0 for Anaheim Ducks vs 0 for Montreal Canadiens.
Shots for this period are 9 for Anaheim Ducks vs 16 for Montreal Canadiens.
2nd period
0:01 of 2nd period - William Nylander wins face-off versus Sidney Crosby in neutral zone.
0:33 of 2nd period - Snap shot by Chandler Stephenson.
0:33 of 2nd period - Stopped by Jacob Markstrom with a rebound.
0:35 of 2nd period - Slapshot by Joshua Morrissey.
0:35 of 2nd period - Shot Misses the Net.
0:37 of 2nd period - Slapshot by Joshua Morrissey.
0:37 of 2nd period - Deflect By Jonathan Marchessault.
0:37 of 2nd period - Stopped by Jacob Markstrom with a rebound.
0:55 of 2nd period - Slapshot by J.T. Compher.
0:55 of 2nd period - Shot Misses the Net.
0:57 of 2nd period - Wrist shot by Brayden Schenn.
0:57 of 2nd period - Deflect By Teuvo Teravainen.
0:57 of 2nd period - Shot Misses the Net.
0:57 of 2nd period - Puck is out of play.
0:58 of 2nd period - Sidney Crosby wins face-off versus John Tavares in Montreal Canadiens zone.
1:24 of 2nd period - Minor Penalty to Chandler Stephenson for Slashing.
1:25 of 2nd period - Brayden Schenn wins face-off versus Sidney Crosby in Anaheim Ducks zone.
1:37 of 2nd period - Snap shot by Sidney Crosby.
1:37 of 2nd period - Stopped by Linus Ullmark with a rebound.
3:06 of 2nd period - Jamie Benn is hit by J.T. Compher and loses puck.
3:19 of 2nd period - Brenden Dillon is hit by Patrik Laine and loses puck.
3:24 of 2nd period - Penalty to Chandler Stephenson is over, Chandler Stephenson is back on ice.
3:54 of 2nd period - Jack Johnson is hit by Josh Manson and loses puck.
4:08 of 2nd period - Mark Scheifele is hit by Tyler Myers and loses puck.
4:15 of 2nd period - Wrist shot by Jonathan Marchessault.
4:15 of 2nd period - Shot Blocked by Joshua Morrissey.
4:27 of 2nd period - Backhand shot by William Nylander.
4:27 of 2nd period - Shot Misses the Net.
4:29 of 2nd period - Slapshot by Jakob Chychrun.
4:29 of 2nd period - Shot Blocked by Jack Johnson.
4:31 of 2nd period - Wrist shot by William Nylander.
4:31 of 2nd period - Stopped by Jacob Markstrom with a rebound.
4:55 of 2nd period - Wrist shot by John Tavares.
4:55 of 2nd period - Stopped by Jacob Markstrom with a rebound.
4:57 of 2nd period - Slapshot by Esa Lindell.
4:57 of 2nd period - Deflect By William Nylander.
4:57 of 2nd period - Stopped by Jacob Markstrom without a rebound.
4:58 of 2nd period - Chandler Stephenson wins face-off versus Sidney Crosby in Montreal Canadiens zone.
5:13 of 2nd period - Wrist shot by Sidney Crosby.
5:13 of 2nd period - Stopped by Linus Ullmark without a rebound.
5:14 of 2nd period - Dylan Larkin wins face-off versus J.T. Compher in Anaheim Ducks zone.
6:35 of 2nd period - Wrist shot by Sidney Crosby.
6:35 of 2nd period - Stopped by Linus Ullmark with a rebound.
6:37 of 2nd period - Snap shot by Brady Skjei.
6:37 of 2nd period - Shot Blocked by Jakob Chychrun.
6:39 of 2nd period - Slapshot by Brady Skjei.
6:39 of 2nd period - Shot Misses the Net.
6:41 of 2nd period - Slapshot by Brady Skjei.
6:41 of 2nd period - Shot Misses the Net.
6:43 of 2nd period - Wrist shot by Brady Skjei.
6:43 of 2nd period - Stopped by Linus Ullmark with a rebound.
6:57 of 2nd period - Wrist shot by Max Domi.
6:57 of 2nd period - Shot Misses the Net.
6:59 of 2nd period - Snap shot by Alex Killorn.
6:59 of 2nd period - Stopped by Jacob Markstrom without a rebound.
7:00 of 2nd period - Jake Evans wins face-off versus Chandler Stephenson in Montreal Canadiens zone.
7:05 of 2nd period - Slapshot by Adam Fox.
7:05 of 2nd period - Stopped by Linus Ullmark without a rebound.
7:06 of 2nd period - Chandler Stephenson wins face-off versus Sidney Crosby in Anaheim Ducks zone.
8:04 of 2nd period - Off-side.
8:05 of 2nd period - Sidney Crosby wins face-off versus Chandler Stephenson in neutral zone.
8:39 of 2nd period - Martin Necas is hit by John Tavares and loses puck.
9:16 of 2nd period - Icing by Brayden Schenn.
9:17 of 2nd period - J.T. Compher wins face-off versus Tyson Jost in Anaheim Ducks zone.
9:30 of 2nd period - Wrist shot by John Tavares.
9:30 of 2nd period - Stopped by Jacob Markstrom with a rebound.
9:46 of 2nd period - Backhand shot by Patrik Laine.
9:46 of 2nd period - Shot Blocked by Chandler Stephenson.
9:48 of 2nd period - Snap shot by Sidney Crosby.
9:48 of 2nd period - Goal by Sidney Crosby - Anaheim Ducks : 0 - Montreal Canadiens : 1.
9:49 of 2nd period - Sidney Crosby wins face-off versus John Tavares in neutral zone.
9:52 of 2nd period - Slapshot by Adam Fox.
9:52 of 2nd period - Shot Blocked by Esa Lindell.
9:54 of 2nd period - Snap shot by Sidney Crosby.
9:54 of 2nd period - Stopped by Linus Ullmark without a rebound.
9:55 of 2nd period - John Tavares wins face-off versus Sidney Crosby in Anaheim Ducks zone.
10:02 of 2nd period - Slapshot by Joshua Morrissey.
10:02 of 2nd period - Shot Misses the Net.
10:09 of 2nd period - Off-side.
10:10 of 2nd period - Chandler Stephenson wins face-off versus Sidney Crosby in neutral zone.
10:23 of 2nd period - Snap shot by Alex Killorn.
10:23 of 2nd period - Stopped by Jacob Markstrom without a rebound.
10:24 of 2nd period - Sidney Crosby wins face-off versus John Tavares in Montreal Canadiens zone.
10:24 of 2nd period - Sidney Crosby is hit by Mark Scheifele.
10:32 of 2nd period - Wrist shot by Mark Scheifele.
10:32 of 2nd period - Shot Hit the Post.
10:34 of 2nd period - Slapshot by Joshua Morrissey.
10:34 of 2nd period - Shot Blocked by Adam Fox.
10:51 of 2nd period - Martin Necas is hit by J.T. Compher.
10:55 of 2nd period - Esa Lindell is hit by Martin Necas and loses puck.
11:02 of 2nd period - Snap shot by Dylan Larkin.
11:02 of 2nd period - Shot Blocked by Joshua Morrissey.
11:37 of 2nd period - Slapshot by Nazem Kadri.
11:37 of 2nd period - Stopped by Jacob Markstrom with a rebound.
11:43 of 2nd period - Jakob Chychrun is hit by Vladislav Namestnikov and loses puck.
12:23 of 2nd period - Off-side.
12:24 of 2nd period - J.T. Compher wins face-off versus Martin Necas in neutral zone.
12:27 of 2nd period - Brady Skjei is hit by Teuvo Teravainen and loses puck.
12:50 of 2nd period - Sidney Crosby is hit by Mark Scheifele and loses puck.
12:57 of 2nd period - Wrist shot by John Tavares.
12:57 of 2nd period - Shot Misses the Net.
12:59 of 2nd period - Slapshot by William Nylander.
12:59 of 2nd period - Stopped by Jacob Markstrom with a rebound.
13:01 of 2nd period - Wrist shot by Mark Scheifele.
13:01 of 2nd period - Shot Hit the Post.
13:23 of 2nd period - Slapshot by Esa Lindell.
13:23 of 2nd period - Shot Blocked by Tyson Jost.
14:05 of 2nd period - Off-side.
14:06 of 2nd period - Sidney Crosby wins face-off versus John Tavares in neutral zone.
14:45 of 2nd period - Wrist shot by Jonathan Marchessault.
14:45 of 2nd period - Shot Misses the Net.
14:59 of 2nd period - Dylan Larkin is hit by Brayden Schenn and loses puck.
15:24 of 2nd period - Slapshot by Dylan Larkin.
15:24 of 2nd period - Shot Blocked by Joshua Morrissey.
15:26 of 2nd period - Snap shot by Damon Severson.
15:26 of 2nd period - Shot Blocked by Esa Lindell.
15:28 of 2nd period - Snap shot by Jamie Benn.
15:28 of 2nd period - Stopped by Linus Ullmark with a rebound.
15:30 of 2nd period - Slapshot by Damon Severson.
15:30 of 2nd period - Stopped by Linus Ullmark with a rebound.
15:32 of 2nd period - Wrist shot by Jamie Benn.
15:32 of 2nd period - Shot Blocked by Joshua Morrissey.
15:52 of 2nd period - Wrist shot by William Nylander.
15:52 of 2nd period - Shot Misses the Net.
15:54 of 2nd period - Snap shot by John Tavares.
15:54 of 2nd period - Shot Misses the Net.
16:21 of 2nd period - Icing by Adam Fox.
16:22 of 2nd period - Jonathan Marchessault wins face-off versus J.T. Compher in Montreal Canadiens zone.
16:27 of 2nd period - Wrist shot by Christian Fischer.
16:27 of 2nd period - Deflect By Jamie Benn.
16:27 of 2nd period - Shot Misses the Net.
16:27 of 2nd period - Puck is out of play.
16:28 of 2nd period - J.T. Compher wins face-off versus Sidney Crosby in Anaheim Ducks zone.
16:42 of 2nd period - Wrist shot by Jamie Benn.
16:42 of 2nd period - Deflect By Patrik Laine.
16:42 of 2nd period - Shot Misses the Net.
16:42 of 2nd period - Puck is out of play.
16:43 of 2nd period - John Tavares wins face-off versus Martin Necas in Anaheim Ducks zone.
17:11 of 2nd period - Minor Penalty to Jamie Benn for Diving.
17:12 of 2nd period - John Tavares wins face-off versus Dylan Larkin in Montreal Canadiens zone.
17:17 of 2nd period - Snap shot by William Nylander.
17:17 of 2nd period - Shot Misses the Net.
17:43 of 2nd period - Off-side.
17:44 of 2nd period - John Tavares wins face-off versus Dylan Larkin in neutral zone.
18:08 of 2nd period - Chandler Stephenson is hit by Vladislav Namestnikov.
18:36 of 2nd period - Mark Scheifele is hit by Adam Fox.
19:11 of 2nd period - Penalty to Jamie Benn is over, Jamie Benn is back on ice.
19:20 of 2nd period - Off-side.
19:21 of 2nd period - Sidney Crosby wins face-off versus Nazem Kadri in neutral zone.
Goals for this period are 0 for Anaheim Ducks vs 1 for Montreal Canadiens.
Shots for this period are 10 for Anaheim Ducks vs 9 for Montreal Canadiens.
3rd period
0:01 of 3rd period - Sidney Crosby wins face-off versus John Tavares in neutral zone.
0:13 of 3rd period - Minor Penalty to Mark Scheifele for Interference.
0:14 of 3rd period - Sidney Crosby wins face-off versus Chandler Stephenson in Anaheim Ducks zone.
0:30 of 3rd period - Wrist shot by Sidney Crosby.
0:30 of 3rd period - Shot Misses the Net.
2:13 of 3rd period - Penalty to Mark Scheifele is over, Mark Scheifele is back on ice.
2:14 of 3rd period - Teuvo Teravainen is hit by Martin Necas and loses puck.
2:33 of 3rd period - Snap shot by Patrik Laine.
2:33 of 3rd period - Shot Blocked by Mark Scheifele.
2:35 of 3rd period - Slapshot by Adam Fox.
2:35 of 3rd period - Shot Misses the Net.
3:07 of 3rd period - Snap shot by Martin Necas.
3:07 of 3rd period - Shot Misses the Net.
3:15 of 3rd period - Snap shot by Patrik Laine.
3:15 of 3rd period - Shot Blocked by Ivan Provorov.
3:17 of 3rd period - Wrist shot by Filip Forsberg.
3:17 of 3rd period - Stopped by Linus Ullmark without a rebound.
3:18 of 3rd period - Christian Fischer wins face-off versus Nazem Kadri in Anaheim Ducks zone.
3:27 of 3rd period - Tyson Jost is hit by Esa Lindell and loses puck.
3:44 of 3rd period - William Nylander is hit by Tyler Myers and loses puck.
3:53 of 3rd period - Jake Evans is hit by Brenden Dillon and loses puck.
4:26 of 3rd period - Jack Johnson is hit by Josh Manson and loses puck.
5:53 of 3rd period - Icing by Teuvo Teravainen.
5:54 of 3rd period - J.T. Compher wins face-off versus Dylan Larkin in Anaheim Ducks zone.
7:13 of 3rd period - Jack Johnson is hit by Teuvo Teravainen and loses puck.
7:28 of 3rd period - Snap shot by Dylan Larkin.
7:28 of 3rd period - Shot Blocked by Brayden Schenn.
7:48 of 3rd period - Snap shot by Dylan Larkin.
7:48 of 3rd period - Stopped by Linus Ullmark with a rebound.
7:50 of 3rd period - Snap shot by Tyson Jost.
7:50 of 3rd period - Stopped by Linus Ullmark without a rebound.
7:51 of 3rd period - John Tavares wins face-off versus Vladislav Namestnikov in Anaheim Ducks zone.
8:31 of 3rd period - Snap shot by Mason Marchment.
8:31 of 3rd period - Shot Misses the Net.
8:33 of 3rd period - Snap shot by Mason Marchment.
8:33 of 3rd period - Goal by Mason Marchment - Anaheim Ducks : 1 - Montreal Canadiens : 1.
8:34 of 3rd period - Vladislav Namestnikov wins face-off versus John Tavares in neutral zone.
8:39 of 3rd period - Slapshot by Evgeni Dadonov.
8:39 of 3rd period - Stopped by Linus Ullmark without a rebound.
8:40 of 3rd period - Vladislav Namestnikov wins face-off versus John Tavares in Anaheim Ducks zone.
8:55 of 3rd period - Slapshot by Mark Scheifele.
8:55 of 3rd period - Stopped by Jacob Markstrom with a rebound.
8:57 of 3rd period - Slapshot by Ivan Provorov.
8:57 of 3rd period - Shot Misses the Net.
9:21 of 3rd period - Snap shot by Alex Killorn.
9:21 of 3rd period - Stopped by Jacob Markstrom with a rebound.
10:48 of 3rd period - Snap shot by Max Domi.
10:48 of 3rd period - Stopped by Jacob Markstrom without a rebound.
10:49 of 3rd period - Dylan Larkin wins face-off versus Chandler Stephenson in Montreal Canadiens zone.
11:56 of 3rd period - Icing by Joshua Morrissey.
11:57 of 3rd period - Dylan Larkin wins face-off versus John Tavares in Anaheim Ducks zone.
12:06 of 3rd period - Snap shot by Martin Necas.
12:06 of 3rd period - Stopped by Linus Ullmark without a rebound.
12:07 of 3rd period - Dylan Larkin wins face-off versus Mark Scheifele in Anaheim Ducks zone.
12:16 of 3rd period - Backhand shot by Dylan Larkin.
12:16 of 3rd period - Deflect By Martin Necas.
12:16 of 3rd period - Stopped by Linus Ullmark with a rebound.
12:18 of 3rd period - Backhand shot by Filip Forsberg.
12:18 of 3rd period - Shot Misses the Net.
12:20 of 3rd period - Snap shot by Dylan Larkin.
12:20 of 3rd period - Stopped by Linus Ullmark without a rebound.
12:21 of 3rd period - Sidney Crosby wins face-off versus John Tavares in Anaheim Ducks zone.
12:37 of 3rd period - Off-side.
12:38 of 3rd period - Dylan Larkin wins face-off versus Chandler Stephenson in neutral zone.
12:43 of 3rd period - Alex Killorn is hit by Adam Fox and loses puck.
12:52 of 3rd period - Snap shot by Chandler Stephenson.
12:52 of 3rd period - Stopped by Jacob Markstrom with a rebound.
13:12 of 3rd period - Wrist shot by Mark Scheifele.
13:12 of 3rd period - Deflect By John Tavares.
13:12 of 3rd period - Shot Misses the Net.
13:12 of 3rd period - Puck is out of play.
13:13 of 3rd period - John Tavares wins face-off versus Sidney Crosby in Montreal Canadiens zone.
13:14 of 3rd period - Snap shot by William Nylander.
13:14 of 3rd period - Deflect By John Tavares.
13:14 of 3rd period - Stopped by Jacob Markstrom with a rebound.
13:16 of 3rd period - Slapshot by Ivan Provorov.
13:16 of 3rd period - Stopped by Jacob Markstrom with a rebound.
13:18 of 3rd period - Slapshot by Josh Manson.
13:18 of 3rd period - Stopped by Jacob Markstrom with a rebound.
13:42 of 3rd period - Off-side.
13:43 of 3rd period - Chandler Stephenson wins face-off versus Dylan Larkin in neutral zone.
13:55 of 3rd period - Icing by Joshua Morrissey.
13:56 of 3rd period - Chandler Stephenson wins face-off versus Patrik Laine in Anaheim Ducks zone.
14:06 of 3rd period - Off-side.
14:07 of 3rd period - John Tavares wins face-off versus Sidney Crosby in neutral zone.
14:24 of 3rd period - Snap shot by Patrik Laine.
14:24 of 3rd period - Shot Misses the Net.
14:30 of 3rd period - Sidney Crosby is hit by William Nylander and loses puck.
14:43 of 3rd period - Mark Scheifele is hit by Patrik Laine and loses puck.
14:54 of 3rd period - Snap shot by William Nylander.
14:54 of 3rd period - Shot Misses the Net.
15:04 of 3rd period - Snap shot by Mark Scheifele.
15:04 of 3rd period - Stopped by Jacob Markstrom with a rebound.
15:55 of 3rd period - Snap shot by Mark Scheifele.
15:55 of 3rd period - Shot Misses the Net.
15:57 of 3rd period - Slapshot by William Nylander.
15:57 of 3rd period - Stopped by Jacob Markstrom with a rebound.
15:59 of 3rd period - Snap shot by William Nylander.
15:59 of 3rd period - Goal by William Nylander - Anaheim Ducks : 2 - Montreal Canadiens : 1.
16:00 of 3rd period - Dylan Larkin wins face-off versus J.T. Compher in neutral zone.
16:11 of 3rd period - Snap shot by Dylan Larkin.
16:11 of 3rd period - Shot Blocked by Jakob Chychrun.
17:01 of 3rd period - Snap shot by Mason Marchment.
17:01 of 3rd period - Shot Misses the Net.
17:03 of 3rd period - Wrist shot by Mason Marchment.
17:03 of 3rd period - Shot Misses the Net.
18:56 of 3rd period - Montreal Canadiens, Jacob Markstrom is pulled from the net.
18:58 of 3rd period - Wrist shot by Dylan Larkin.
18:58 of 3rd period - Stopped by Linus Ullmark without a rebound.
18:59 of 3rd period - Claude Julien call a timeout for Montreal Canadiens.
18:59 of 3rd period - William Nylander wins face-off versus Sidney Crosby in Anaheim Ducks zone.
19:12 of 3rd period - Snap shot by William Nylander.
19:12 of 3rd period - Shot Misses the Net.
19:42 of 3rd period - Snap shot by Dylan Larkin.
19:42 of 3rd period - Stopped by Linus Ullmark with a rebound.
19:44 of 3rd period - Slapshot by Damon Severson.
19:44 of 3rd period - Stopped by Linus Ullmark without a rebound.
19:45 of 3rd period - Sidney Crosby wins face-off versus William Nylander in Anaheim Ducks zone.
19:54 of 3rd period - Brenden Dillon is hit by Sidney Crosby and loses puck.
Goals for this period are 2 for Anaheim Ducks vs 0 for Montreal Canadiens.
Shots for this period are 11 for Anaheim Ducks vs 10 for Montreal Canadiens.
Back to the Top